 Dungeon Crawl Stone Soup version 0.26-a0-1058-g8dc6ce00ff (webtiles) character file.

Game seed: 15247088687702846889

34 Descartes the Gusty (level 3, 0/14 HPs)
             Began as a Felid Air Elementalist on Dec 11, 2020.
             Slain by an adder (3 damage)
             ... on level 2 of the Dungeon on Dec 13, 2020.
             The game lasted 00:03:53 (1525 turns).

Descartes the Gusty (Felid Air Elementalist)        Turns: 1525, Time: 00:03:53

Health: 0/14       AC:  1    Str:  4    XL:     3   Next: 14%
Magic:  5/7        EV: 18    Int: 17    God:
Gold:   44         SH:  0    Dex: 16    Spells: 5/6 levels left
                                        Lives:  0   Deaths: 0

rFire    . . .     SeeInvis +   (weapon unavailable)
rCold    . . .     Faith    .   (shield unavailable)
rNeg     . . .     Spirit   .   (armour unavailable)
rPois    .         Reflect  .   (helmet unavailable)
rElec    .         Harm     .   (cloak unavailable)
rCorr    .         Rampage  .   (gloves unavailable)
Will     .....                  (boots unavailable)
Stlth    +++.......             (no amulet)
HPRegen  0.04/turn              (no ring)
MPRegen  0.10/turn              (no ring)

@: quick
A: very small, no armour, no weapons or thrown items, stealth, claws 1, fangs 3,
see invisible, speed 1, shaggy fur 1, sharp paws
a: no special abilities


You were on level 2 of the Dungeon.
You visited 1 branch of the dungeon, and saw 2 of its levels.

You collected 44 gold pieces.

Inventory:

Missiles
 e - 34 arrows
Jewellery
 b - an uncursed amulet of the acrobat {unknown}
Scrolls
 c - 2 scrolls of identify {unknown}
 d - a scroll of fog {unknown}
Potions
 a - a potion of curing {unknown}


   Skills:
 + Level 2.6 Dodging
 + Level 2.6 Stealth
 + Level 0.0 Unarmed Combat
 - Level 2.0 Spellcasting
 - Level 2.0 Conjurations
 - Level 3.3 Air Magic


You had 5 spell levels left.
You knew the following spells:

 Your Spells              Type           Power        Failure   Level
a - Shock                 Conj/Air       ##..         6%          1

Your spell library contained the following spells:

 Spells                   Type           Power        Failure   Level
 Swiftness                Air            ##......     8%          2
 Static Discharge         Conj/Air       ##......     19%         3
 Airstrike                Air            ##........   43%         4
 Lightning Bolt           Conj/Air       ##........   87%         5


Dungeon Overview and Level Annotations

Branches:
Dungeon (2/15)

Altars:
Okawaru


Innate Abilities, Weirdness & Mutations

You cannot wear armour.
You are incapable of wielding weapons or throwing items.
Your paws allow you to move quietly. (Stealth)
You have sharp claws.
You have razor-sharp teeth.
You have supernaturally acute eyesight. (SInv)
You cover ground quickly.
You are covered in fur. (AC +1)
Your sharp claws are effective at attacking unaware monsters.


Message History

The bat completely misses you. The adder bites you.
* * * LOW HITPOINT WARNING * * *
Unknown command.
Casting: Shock (safe; 6% risk of failure)
Confirm with . or Enter, or press ? or * to list all spells.
Aiming: Shock (safe; 6% risk of failure)
Press: ? - help, Shift-Dir - straight line, f/p - bat
Aim: a bat (severely wounded, 48% to evade)
The zap hits the adder.
The adder is moderately wounded.
The zap misses the bat.
The adder closely misses you. The bat misses you.
Unknown command.
You are too injured to fight recklessly!
You are too injured to fight recklessly!
You are too injured to fight recklessly!
You closely miss the adder.
The adder is moderately wounded.
The bat hits you but does no damage. The adder barely misses you.
The adder bites you.
You die...

###..............
##..###.<...........
##..#.........#...
##[.............
########...........#
.....# #.......b...#
.....###..........####..
...†............S.......
................@.......
.......#........†.##..##
.....###..........##
###### #..............
#..............
##..............
##....).#......
###....#......
#....#.....


You could see an adder and a bat.

Vanquished Creatures
  An ooze (D:1)
  A leopard gecko (D:1)
  4 bats
  3 giant cockroaches (D:1)
  A goblin (D:1)
  5 hobgoblins (D:1)
  2 kobolds (D:1)
  3 frilled lizards
  7 rats
27 creatures vanquished.

Notes
Turn   | Place    | Note
-------+----------+-------------------------------------------
     0 | D:1      | Descartes the Felid Air Elementalist began the quest for
                  | the Orb.
     0 | D:1      | Reached XP level 1. HP: 7/7 MP: 4/4
    40 | D:1      | Reached skill level 1 in Conjurations
   284 | D:1      | Found an iron altar of Okawaru.
   308 | D:1      | Reached skill level 3 in Air Magic
   308 | D:1      | Reached XP level 2. HP: 11/11 MP: 1/6
   974 | D:1      | Reached XP level 3. HP: 10/14 MP: 1/7
  1454 | D:2      | Upgraded the game from 0.26-a0-1038-gfb849e850a to
                  | 0.26-a0-1058-g8dc6ce00ff
  1525 | D:2      | Slain by an adder

Illustrated notes

Levels and vault maps discovered:
D:1:      nicolae_arrival_washed_ashore, layout_basic, okawaru_ov_weapons_minmay
D:2:      layout_rooms, grunt_temple_overflow_open, uniq_crazy_yiuf_cottage

Skill      XL: |  1  2 |
---------------+-------+-----
Conjurations   | 1 2 |  2.0
Air Magic      | 3 |  3.3
Dodging        | |  2.6
Stealth        | |  2.6
Spellcasting   | |  2.0

Action                   || total
-------------------------++-------
Melee: Unarmed           ||    22
       Bite              ||     1
 Cast: Shock             ||    52
Armor: Skin              ||     1
Dodge: Dodged            ||    33

Table legend: (Time is in decaauts)
 A = Elapsed time spent in this place.
 B = Non-inter-level travel time spent in this place.
 C = Inter-level travel time spent in this place.
 D = Time resting spent in this place.
 E = Time spent auto-exploring this place.
 F = Levels seen in this place.
 G = Mean time per level.
                   A        B        C        D        E       F      G
               +--------+--------+--------+--------+--------+-----+--------+
         Total |   1381 |   1349 |     32 |      0 |   1230 |   2 |  690.5 |
       Dungeon |   1381 |   1349 |     32 |      0 |   1230 |   2 |  690.5 |
               +--------+--------+--------+--------+--------+-----+--------+

Top non-repeatable levels by time:
     D:1: 1276 daAuts
     D:2: 105 daAuts
